 Dungeon Crawl Stone Soup version 0.27.1 (webtiles) character file.

Game seed: 17529287824126206398

14 nxtlvl the Cutter (level 2, -4/18 HPs)
             Began as a Deep Elf Monk on Aug 30, 2021.
             Slain by an adder (5 damage)
             ... on level 4 of the Dungeon.
             The game lasted 00:02:18 (377 turns).

nxtlvl the Cutter (Deep Elf Monk)                    Turns: 377, Time: 00:02:19

Health: -4/18      AC:  2    Str:  8    XL:     2   Next: 27%
Magic:  4/4        EV: 13    Int: 14    God:
Gold:   24         SH:  0    Dex: 17    Spells: 1/1 levels left

rFire    . . .     SeeInvis .   a - +0 short sword
rCold    . . .     Faith    .   (no shield)
rNeg     . . .     Spirit   .   b - +0 robe
rPois    .         Reflect  .   (no helmet)
rElec    .         Harm     .   (no cloak)
rCorr    .         Rampage  .   (no gloves)
Will     .....                  (no boots)
Stlth    ++........             (no amulet)
HPRegen  0.06/turn              (no ring)
MPRegen  0.09/turn              (no ring)

@: lethally poisoned (-4 -> -8), flying
A: no striking features
a: no special abilities


You were on level 4 of the Dungeon.
You visited 1 branch of the dungeon, and saw 5 of its levels.

You collected 24 gold pieces.

Inventory:

Hand Weapons
 a - a +0 short sword (weapon)
Missiles
 e - 14 stones (quivered)
 f - 13 arrows
Armour
 b - a +0 robe (worn)
Scrolls
 d - a scroll of amnesia {unknown}


   Skills:
 - Level 2.4 Fighting
 * Level 3.7 Short Blades
 - Level 3.6 Dodging
 - Level 2.4 Stealth


You had one spell level left.
You didn't know any spells.
Your spell library was empty.

Dungeon Overview and Level Annotations

Branches:
Dungeon (5/15)
 Temple: D:4-7

Altars:
Ashenzari


Message History

An orc comes into view. It is wielding a +0 falchion.
Found a pair of boots, a robe and a scroll labelled VUUWNU URUJEAT.
An orc comes into view. It is wielding a +0 trident.
There is a stone staircase leading down here.
An orc and an orc priest come into view.
An iguana comes into view.
There is an escape hatch in the ceiling here.
Found 13 arrows.
Found a stone staircase leading down.
You see here 13 arrows.
f - 13 arrows An adder comes into view.
The adder hisses angrily.
The adder barely misses you. The adder bites you.
You hit the adder but do no damage. The adder closely misses you.
You barely miss the adder. The adder completely misses you.
You closely miss the adder. The adder closely misses you.
You hit the adder.
The adder is lightly wounded.
The adder bites you.
You hit the adder.
The adder is moderately wounded.
The adder closely misses you. The adder bites you.
You are lethally poisoned!
The adder poisons you!
You miss the adder.
The adder is moderately wounded.
* * * LOW HITPOINT WARNING * * *
You feel sick. The adder bites you but does no damage.
You hit the adder but do no damage.
The adder is moderately wounded.
* * * LOW HITPOINT WARNING * * *
You feel sick. The adder bites you.
* * * LOW HITPOINT WARNING * * *
It was a potion of flight.
You feel very buoyant.
You fly up into the air.
* * * LOW HITPOINT WARNING * * *
You feel sick. The adder bites you.
You die...

# ###############.
...............
...#...#...#.#
......S@.....#
...#...#...#.#
.............#
############.#####.#
#.....>...
#.####.... #.# #.
#.# #.#


You could see an adder.

Vanquished Creatures
  2 dart slugs (D:2)
  An orc (D:4)
  A giant cockroach (D:3)
  A goblin (D:2)
  A hobgoblin (D:2)
  2 frilled lizards (D:1)
  A rat (D:1)
9 creatures vanquished.

Notes
Turn   | Place    | Note
-------+----------+-------------------------------------------
     0 | D:1      | nxtlvl the Deep Elf Monk began the quest for the Orb.
     0 | D:1      | Reached XP level 1. HP: 13/13 MP: 3/3
    99 | D:3      | Found a broken altar of Ashenzari.
   103 | D:3      | Saw a vision of the Swamp and the Spider Nest.
   103 | D:3      | Noticed a redback
   103 | D:3      | Noticed a wolf spider
   103 | D:3      | Noticed a redback
   103 | D:3      | Noticed a redback
   103 | D:3      | Noticed a hornet
   103 | D:3      | Noticed a scorpion
   103 | D:3      | Noticed a redback
   103 | D:3      | Noticed a swamp drake
   103 | D:3      | Noticed a goliath frog
   103 | D:3      | Noticed a goliath frog
   103 | D:3      | Noticed a will-o-the-wisp
   104 | D:3      | Noticed an alligator
   146 | D:2      | Reached XP level 2. HP: 18/18 MP: 4/4
   254 | D:5      | Entered Level 5 of the Dungeon
   377 | D:4      | Slain by an adder

Illustrated notes

Levels and vault maps discovered:
D:1:      minmay_arrival_stair_chambers, layout_rooms
D:2:      layout_basic, minivault_26, uniq_terence
D:3:      layout_basic, beargit_hepliaklqana_dungeon_heroes,
          grunt_ashenzari_visionary [grunt_ashenzari_visionary_swamp,
          grunt_ashenzari_visionary_spider], hellmonk_ecumenical_altar_lost_god,
          uniq_natasha
D:4:      layout_loops_ring, gammafunk_temple_overflow_arena,
          lemuel_coloured_pillars_altar, due_unseen_surprise,
          uniq_blork_the_orc, uniq_ijyb
D:5:      layout_rooms, grunt_decor_fettered, uniq_menkaure

Action                   || total
-------------------------++-------
Melee: Short sword       ||    28
  Use: Potion            ||     1
 Stab: Sleeping          ||     5
Armor: Robe              ||     5
Dodge: Dodged            ||     7
